 Dungeon Crawl Stone Soup version 0.26-a0-639-g72c4674329 (webtiles) character file.

Game seed: 16009716162852274944

114835 Flugslaktarn the Severer (level 15, -18/150 HPs)
             Began as a Deep Dwarf Fighter on Sept 24, 2020.
             Was the Champion of Makhleb.
             Killed from afar by Mara (illusionary) (35 damage)
             ... with a bolt of fire
             ... on level 3 of the Shoals.
             The game lasted 00:13:07 (13912 turns).

Flugslaktarn the Severer (Deep Dwarf Fighter)      Turns: 13912, Time: 00:13:09

Health: -18/150    AC: 29    Str: 28    XL:     15   Next: 84%
Magic:  8/8        EV:  8    Int: 10    God:    Makhleb [******]
Gold:   364        SH: 20    Dex: 12    Spells: 14/14 levels left

rFire    . . .     SeeInvis .   m - +2 war axe (flame)
rCold    . . .     Faith    +   j - +0 tower shield
rNeg     + . .     Spirit   .   I - +0 plate armour
rPois    +         Reflect  .   U - +2 helmet
rElec    .         Harm     .   u - +0 cloak
rCorr    .         Rampage  .   Q - +1 pair of gloves {Str+3}
MR       ++...                  H - +1 pair of boots
Stlth    ..........             J - amulet of faith
HPRegen  0.00/turn              p - +4 ring of protection
MPRegen  0.11/turn              o - ring of poison resistance

@: non-regenerating
A: damage resistance, heal wounds, negative energy resistance 1, sense
surroundings 2, no regeneration
}: 1/15 runes: serpentine
a: Heal Wounds, Minor Destruction, Lesser Servant of Makhleb, Major Destruction,
Greater Servant of Makhleb, Renounce Religion


You were on level 3 of the Shoals.
You worshipped Makhleb.
Makhleb was exalted by your worship.
You visited 5 branches of the dungeon, and saw 25 of its levels.
You visited 1 bazaar.
You also visited: Gauntlet.

You collected 1299 gold pieces.
You spent 935 gold pieces at shops.

Inventory:

Hand Weapons
 i - a +4 war axe
   (You took it off a naga on level 4 of the Snake Pit)
 m - a +2 war axe of flaming (weapon)
   (You took it off an orc priest on level 4 of the Dungeon)
Missiles
 L - 2 throwing nets (quivered)
Armour
 j - a +0 tower shield (worn)
   (You found it on level 10 of the Dungeon)
 u - a +0 cloak (worn)
   (You took it off Crazy Yiuf on level 3 of the Dungeon)
 D - a scarf of resistance
   (You found it on level 7 of the Dungeon)
 H - a +1 pair of boots (worn)
   (You found it on level 2 of the Dungeon)
 I - a +0 plate armour (worn)
   (You found it on level 7 of the Dungeon)
 Q - a +1 pair of gloves of strength (worn)
   (You found it on level 15 of the Dungeon)
 U - a +2 helmet (worn)
   (You found it on level 1 of the Lair of Beasts)
Jewellery
 o - a ring of poison resistance (right hand)
   (You found it on level 14 of the Dungeon)
 p - a +4 ring of protection (left hand)
   (You found it on level 9 of the Dungeon)
 J - an amulet of faith (around neck)
   (You found it on level 12 of the Dungeon)
 K - the ring "Gaddosma" {rC+++ rN+ MP+9 Str-2 Int+2}
   (You took it off a boggart in a Gauntlet)

   [ring of magical power]

   It affects your strength (-2).
   It affects your intelligence (+2).
   It renders you almost immune to cold.
   It protects you from negative energy.
   It affects your magic capacity (+9).
Wands
 a - a wand of digging (10)
   (You found it on level 13 of the Dungeon)
 e - a wand of paralysis (13)
   (You found it on level 7 of the Dungeon)
 w - a wand of acid (13)
   (You found it on level 3 of the Dungeon)
 E - a wand of iceblast (12)
   (You found it on level 6 of the Dungeon)
 N - a wand of enslavement (17)
   (You found it on level 13 of the Dungeon)
Scrolls
 l - 3 scrolls of magic mapping
 r - 3 scrolls of identify
 t - 4 scrolls of teleportation
 x - 11 scrolls of remove curse
 y - a scroll of silence
 z - 8 scrolls of blinking
 B - a scroll of fear
Potions
 b - 3 potions of cancellation
 c - a potion of ambrosia
 d - 7 potions of might
 f - 6 potions of flight
 g - a potion of magic {unknown}
 h - 5 potions of haste
 n - a potion of resistance
 q - 8 potions of curing
 v - 3 potions of mutation
 A - 2 potions of invisibility
 C - 3 potions of heal wounds
 G - a potion of berserk rage {unknown}


   Skills:
 * Level 13.9 Fighting
 * Level 15.9 Axes
 + Level 12.2 Armour
 + Level 6.3 Dodging
 + Level 12.1 Shields
 + Level 11.7 Invocations
 + Level 7.5 Evocations


You had 14 spell levels left.
You didn't know any spells.
Your spell library was empty.

Dungeon Overview and Level Annotations

Branches:
Dungeon (15/15)            Temple (1/1) D:5            Lair (2/6) D:11
 Shoals (3/4) Lair:2        Snake (4/4) Lair:2          Orc (0/2) D:11
 Depths (0/5) D:15        Gauntlet (visited)
 Vaults: D:13-14

Altars:
Ashenzari
Cheibriados
Dithmenos
Elyvilon
Fedhas
Gozag
Hepliaklqana
Kikubaaqudgha
Makhleb
Nemelex Xobeh
Okawaru
Qazlal
Ru
Sif Muna
Trog
Uskayaw
Vehumet
Wu Jian
Xom
Yredelemnul
Zin
The Shining One

Shops:
D:10 :   D:15 [   Shoals:3 ((

Annotations:
D:5 , 5 runed translucent doors
D:9 3 runed translucent doors, Fastnbulbous's ghost, novice DsWn
D:15 1 runed translucent door, exclusions: skeletal warrior and upstairs
Shoals:3 1 transporter, Mara


Innate Abilities, Weirdness & Mutations

You are resistant to damage.
You can heal yourself by infusing magical energy.
You resist negative energy. (rN+)
You passively map the area around you.
You do not regenerate.


Message History

Pain shoots through your body!
Mara hits you from afar with a +3 demon trident of electrocution!
You are electrocuted!
Mara gestures at you.
The bolt of fire hits you but does no damage.
You block Mara's attack. x2
Mara gestures at you. The bolt of fire hits you!!!
* * * LOW HITPOINT WARNING * * *
Mara blinks!
Mara growls.
Mara hits you but does no damage.
You are electrocuted!
* * * LOW HITPOINT WARNING * * *
You block Mara's attack.
There is a stone staircase leading down here.
Mara hits you from afar with a +3 demon trident of electrocution!
* * * LOW HITPOINT WARNING * * *
Mara gestures at you. The bolt of fire hits you!!!
You die...

≈≈ ≈ ≈≈≈≈≈≈≈≈≈≈≈≈≈≈≈≈≈
≈ ≈
≈≈≈≈≈≈≈≈≈≈≈≈≈≈≈≈≈≈k≈ ,
≈ ≈
≈....≈≈≈≈≈≈≈≈≈≈k≈≈≈≈≈
≈ ...≈≈≈≈≈≈≈≈≈≈≈≈≈≈≈≈
, ≈ ≈ ≈
......≈≈≈≈≈≈≈≈≈≈≈≈ ,
#....≈≈§≈≈≈≈≈≈≈≈≈,
*#..≈..§≈≈≈≈≈≈≈≈≈., ,,
.###..≈.≈≈≈≈≈....... ,
, .......@§≈≈≈.......∩
, *
......).............,
, ,,
####..RR............,,
, * * ,
###.≈.R......∩... , ,
** .y#.......$......,
* *...#..............
,* ,*
...#.............. , ,
.#,##...........≈ ≈ ≈
, ,, , * #..........≈≈
≈


You could see 3 Maras and a wind drake (wandering, repels missiles).

Vanquished Creatures
  Gastronok (D:11)
  6 nagarajas
  A minotaur (Gauntlet)
  Snorg (D:10)
  Erolcha (D:10)
  8 naga warriors (Snake:4)
  2 hydras
  4 centaur warriors
  A death knight (D:14)
  6 anacondas
  4 two-headed ogres
  A death yak (Lair:2)
  8 naga sharpshooters
  3 shock serpents
  A salamander mystic (Snake:4)
  4 unseen horrors
  Pikel (D:9)
  4 harpies (Shoals:1)
  A phantasmal warrior (D:14)
  A wizard (Gauntlet)
  3 naga ritualists (Snake:4)
  A mana viper (Snake:4)
  An orc knight (D:15)
  A harpy (shapeshifter) (D:15)
  2 cyclopes
  A deep elf mage (D:14)
  17 ugly things
  4 manticores
  5 salamanders
  A worldbinder (Gauntlet)
  Joseph (D:9)
  2 moths of wrath (shapeshifter) (D:15)
  A merfolk siren (Shoals:1)
  3 centaur zombies
  8 black mambas
  3 guardian serpents (Snake:4)
  Maurice (D:11)
  12 naga magi
  A torpor snail (Lair:2)
  A rime drake (Lair:2)
  A kobold demonologist (D:11)
  2 komodo dragons
  2 freezing wraiths (D:14)
  2 ice devils (D:13)
  5 trolls
  A merfolk (Shoals:2)
  6 slime creatures (D:15)
  A meliai (shapeshifter) (D:15)
  8 blink frogs (Lair:1)
  7 hippogriffs
  A snapping turtle (Shoals:1)
  A meliai zombie (D:15)
  3 wraiths
  A shadow (D:11)
  A human (D:13)
  2 fire bats (Gauntlet)
  23 yaks
  2 vampires
  A basilisk (Lair:1)
  A steam dragon (D:13)
  47 nagas
  An acid dragon (D:12)
  4 water moccasins
  A hell hound (Gauntlet)
  A sky beast (D:4)
  6 porcupines
  2 eyes of draining
  7 ice beasts
  7 ogres
  14 orc warriors
  4 phantoms
  7 boggarts
  A necrophage (D:14)
  7 crocodiles
  19 centaurs
  8 big kobolds
  12 bullfrogs
  2 wyvern zombies
  3 scorpions
  7 killer bees
  10 wights
  2 howler monkeys (D:8)
  A bullfrog zombie (D:12)
  5 quasits
  3 jellies
  5 centaur skeletons
  10 hounds
  12 orc priests
  Crazy Yiuf (D:3)
  12 orc wizards
  4 iguanas
  3 worker ants
  A hound skeleton (D:4)
  Robin (D:3)
  3 gnolls (D:5)
  11 adders
  5 shadow imps
  4 white imps
  2 ufetubi
  3 adder skeletons
  4 worms
  3 leopard geckos
  71 orcs
  2 giant cockroaches
  13 goblins
  6 hobgoblins
  8 jackals
  2 quokkas
  3 bats
  3 frilled lizards
  12 kobolds
  A quokka skeleton (D:6)
  A quokka zombie (D:6)
  5 rats
591 creatures vanquished.

Vanquished Creatures (collateral kills)
  2 nagarajas (Snake:4)
  A hydra (D:15)
  2 naga warriors (Snake:4)
  A centaur warrior (D:15)
  2 naga sharpshooters (Snake:4)
  2 mana vipers (Snake:4)
  A centaur skeleton (D:15)
  A slime creature (D:15)
  2 nagas (Snake:4)
  An ice beast (D:15)
  A necrophage (D:15)
  A centaur (D:15)
  A jelly (D:15)
18 creatures vanquished.

Vanquished Creatures (others)
  Asterion (Snake:1)
  A hell hog (Gauntlet)
  A naga (Snake:4)
  4 demonic plants (Gauntlet)
  49 fungi
  62 plants
118 creatures vanquished.

Grand Total: 727 creatures vanquished

Notes
Turn   | Place    | Note
-------+----------+-------------------------------------------
     0 | D:1      | Flugslaktarn the Deep Dwarf Fighter began the quest for the
                  | Orb.
     0 | D:1      | Reached XP level 1. HP: 20/20 MP: 1/1
    99 | D:3      | Noticed Robin
   119 | D:3      | Noticed an orc wizard
   121 | D:2      | Reached XP level 2. HP: 27/27 MP: 2/2
   133 | D:3      | Killed Robin
   133 | D:3      | Reached XP level 3. HP: 13/34 MP: 3/3
   142 | D:3      | Reached skill level 3 in Axes
   143 | D:3      | Reached XP level 4. HP: 39/42 MP: 4/4
   436 | D:4      | Reached XP level 5. HP: 36/50 MP: 5/5
   474 | D:4      | Noticed a phantom
   489 | D:4      | Killed a phantom
   489 | D:4      | Reached skill level 4 in Axes
   670 | D:4      | Noticed a phantom
   706 | D:4      | Killed a phantom
   706 | D:4      | Reached XP level 6. HP: 44/57 MP: 5/5
   966 | D:5      | Entered Level 5 of the Dungeon
  1080 | D:4      | Noticed a sky beast
  1089 | D:4      | Killed a sky beast
  1147 | D:5      | Found a transporter.
  1152 | D:5      | Reached skill level 5 in Axes
  1163 | D:5      | Found a transporter.
  1164 | D:5      | Noticed an orc warrior
  1166 | D:5      | Noticed a water moccasin
  1184 | D:5      | Got a bloodstained chain mail
  1188 | D:5      | Reached XP level 7. HP: 52/66 MP: 6/6
  1205 | D:5      | Identified the cursed +0 chain mail of Amelioration {rElec
                  | rC+ rN+} (You found it on level 5 of the Dungeon)
  1224 | D:5      | Found a runed translucent gate.
  1226 | D:5      | Found a runed translucent door.
  1291 | D:5      | Found a burning altar of Makhleb.
  1337 | D:5      | Found a staircase to the Ecumenical Temple.
  1368 | Temple   | Entered the Ecumenical Temple
  1693 | D:5      | Found the +9 staff of Olgreb {rPois∞}
  1703 | D:5      | Found a runed translucent gate.
  1703 | D:5      | Found a runed translucent gate.
  1704 | D:5      | Found a runed translucent door.
  1740 | D:5      | Found a shimmering altar of Xom.
  1743 | D:5      | Found a shimmering blue altar of Sif Muna.
  1744 | D:5      | Found a basalt altar of Yredelemnul.
  1745 | D:5      | Found an opulent altar of Gozag.
  1745 | D:5      | Found a stormy altar of Qazlal.
  1748 | D:5      | Reached skill level 5 in Fighting
  1895 | D:6      | Reached skill level 5 in Shields
  1897 | D:6      | Reached skill level 5 in Armour
  1936 | D:6      | Reached skill level 6 in Axes
  1991 | D:6      | Reached XP level 8. HP: 57/75 MP: 7/7
  2359 | D:7      | Reached skill level 7 in Axes
  2374 | D:7      | Gained mutation: You passively map the area around you.
                  | [Deep Dwarf growth]
  2374 | D:7      | Reached XP level 9. HP: 38/85 MP: 7/7
  2378 | D:7      | Reached skill level 8 in Axes
  2970 | D:7      | Found an ancient bone altar of Kikubaaqudgha.
  2975 | D:7      | Found a hide-covered altar of Uskayaw.
  2975 | D:7      | Found a radiant altar of Vehumet.
  3177 | D:8      | Noticed a cyclops
  3187 | D:8      | Killed a cyclops
  3187 | D:8      | Reached skill level 9 in Axes
  3450 | D:8      | Reached XP level 10. HP: 51/96 MP: 5/5
  4158 | D:3      | Found a runed translucent door.
  4159 | D:3      | Noticed Crazy Yiuf
  4235 | D:3      | Killed Crazy Yiuf
  5105 | D:5      | Became a worshipper of Makhleb the Destroyer
  5213 | D:9      | Noticed a two-headed ogre
  5232 | D:9      | Killed a two-headed ogre
  5232 | D:9      | Reached skill level 1 in Invocations
  5280 | D:9      | Noticed a five-headed hydra
  5291 | D:9      | Killed a five-headed hydra
  5291 | D:9      | Reached skill level 10 in Axes
  5449 | D:9      | Noticed Joseph
  5459 | D:9      | Killed Joseph
  5666 | D:9      | Found a runed translucent gate.
  5666 | D:9      | Found a runed translucent gate.
  5666 | D:9      | Found a runed translucent gate.
  5667 | D:9      | Noticed Fastnbulbous's ghost (novice DsWn)
  5716 | D:9      | Noticed Pikel
  5727 | D:9      | Killed Pikel
  5771 | D:9      | Noticed a centaur warrior
  5784 | D:9      | Killed a centaur warrior
  5784 | D:9      | Reached XP level 11. HP: 50/106 MP: 7/9
  5795 | D:9      | Reached * piety under Makhleb
  6149 | D:10     | Entered Level 10 of the Dungeon
  6240 | D:10     | Noticed a two-headed ogre
  6252 | D:10     | Killed a two-headed ogre
  6252 | D:10     | Reached skill level 11 in Axes
  6267 | D:10     | Found Woats's Book Emporium.
  6286 | D:10     | Noticed Erolcha
  6303 | D:10     | Killed Erolcha
  6618 | D:10     | Reached skill level 5 in Invocations
  6678 | D:10     | Noticed Snorg
  6706 | D:10     | Killed Snorg
  7266 | D:11     | Noticed a centaur warrior
  7272 | D:11     | Killed a centaur warrior
  7272 | D:11     | Reached skill level 10 in Fighting
  7307 | D:11     | Reached ** piety under Makhleb
  7339 | D:11     | Found a staircase to the Lair.
  7365 | D:11     | Killed an unseen horror
  7500 | D:11     | Found a staircase to the Orcish Mines.
  7531 | D:11     | Reached *** piety under Makhleb
  7550 | D:11     | Reached skill level 12 in Axes
  7623 | D:11     | Reached XP level 12. HP: 117/117 MP: 9/9
  7634 | D:11     | Noticed a two-headed ogre
  7639 | D:11     | Killed a two-headed ogre
  7648 | D:11     | Noticed Gastronok
  7684 | D:11     | Killed Gastronok
  7941 | D:11     | Noticed Maurice
  7953 | D:11     | Killed Maurice
  8112 | D:12     | Reached **** piety under Makhleb
  8697 | D:13     | Found a gate leading to a gauntlet.
  8706 | Gauntlet | Entered a Gauntlet
  8706 | Gauntlet | Found a transporter.
  8706 | Gauntlet | Found a transporter.
  8710 | Gauntlet | Found a transporter.
  8710 | Gauntlet | Found a transporter.
  8723 | Gauntlet | Found a transporter.
  8732 | Gauntlet | Found a transporter.
  8738 | Gauntlet | Noticed a hell hog
  8742 | Gauntlet | Found a transporter.
  8742 | Gauntlet | Found a transporter.
  8746 | Gauntlet | Found a transporter.
  8773 | Gauntlet | Found a transporter.
  8780 | Gauntlet | Found a transporter.
  8797 | Gauntlet | Identified the ring "Gaddosma" {rC+++ rN+ MP+9 Str-2 Int+2}
  8826 | Gauntlet | Found a transporter.
  8835 | Gauntlet | Found a transporter.
  8855 | Gauntlet | Found a transporter.
  8949 | Gauntlet | Found a transporter.
  8965 | Gauntlet | Found a transporter.
  9061 | Gauntlet | Noticed an ironheart preserver
  9061 | Gauntlet | Noticed an ironheart preserver
  9081 | Gauntlet | Noticed an ironheart preserver
  9089 | Gauntlet | Noticed an ironheart preserver
  9089 | Gauntlet | Noticed an ironheart preserver
  9245 | Gauntlet | Killed a hell hog
  9245 | Gauntlet | Reached skill level 10 in Shields
  9251 | Gauntlet | Got a scorched steel ring
  9254 | Gauntlet | Reached skill level 13 in Axes
  9254 | Gauntlet | Reached skill level 10 in Armour
  9291 | Gauntlet | Identified the ring of Katamunea {Str+4 SInv} (You found it
                  | in a Gauntlet)
  9328 | Gauntlet | Noticed a minotaur
  9347 | Gauntlet | Killed a minotaur
  9386 | D:13     | Noticed a centaur warrior
  9403 | D:13     | Killed a centaur warrior
  9443 | D:13     | Reached ***** piety under Makhleb
  9471 | D:13     | Reached XP level 13. HP: 127/127 MP: 12/12
  9485 | D:13     | Found a gateway to a bazaar.
  9553 | Bazaar   | Entered a bazaar
  9573 | Bazaar   | Found Hyeg's Weapon Shop.
  9586 | Bazaar   | Found Aniej's Distillery.
  9586 | Bazaar   | Found Jum Rey's Weapon Shop.
  9614 | Bazaar   | Found Omejav's Gadget Shop.
  9652 | Bazaar   | Bought a potion of haste for 170 gold pieces
  9652 | Bazaar   | Bought a potion of haste for 170 gold pieces
  9652 | Bazaar   | Bought a potion of haste for 170 gold pieces
  9652 | Bazaar   | Bought a potion of heal wounds for 85 gold pieces
  9652 | Bazaar   | Bought 2 potions of might for 136 gold pieces
  9652 | Bazaar   | Bought 2 potions of might for 136 gold pieces
  9652 | Bazaar   | Bought a potion of might for 68 gold pieces
  9758 | D:13     | You fall into a shaft and drop 1 floor!
  9787 | D:14     | Found a white marble altar of Elyvilon.
 10585 | D:15     | Entered Level 15 of the Dungeon
 10624 | D:15     | Found Daypyt's Armour Shop.
 10716 | D:15     | Reached skill level 1 in Dodging
 10716 | D:15     | Reached skill level 1 in Evocations
 10811 | D:15     | Found a runed translucent door.
 10812 | D:15     | Noticed a daeva
 10818 | D:15     | Found a glowing silver altar of Zin.
 10877 | D:15     | Reached skill level 14 in Axes
 10994 | D:15     | Reached ****** piety under Makhleb
 11019 | D:15     | Found a staircase to the Depths.
 11154 | D:15     | Gained mutation: You resist negative energy. (rN+) [Deep
                  | Dwarf growth]
 11154 | D:15     | Reached XP level 14. HP: 128/139 MP: 14/14
 11254 | D:15     | Reached skill level 10 in Invocations
 11580 | Lair:1   | Entered Level 1 of the Lair of Beasts
 12041 | Lair:2   | Found a staircase to the Snake Pit.
 12197 | Lair:2   | Found a staircase to the Shoals.
 12443 | Snake:1  | Entered Level 1 of the Snake Pit
 12538 | Snake:1  | Noticed Asterion
 12555 | Snake:1  | Killed Asterion
 12687 | Snake:2  | Noticed a nagaraja
 12721 | Snake:2  | Killed a nagaraja
 12721 | Snake:2  | Reached skill level 5 in Evocations
 12784 | Snake:3  | Noticed a nagaraja
 12800 | Snake:3  | Killed a nagaraja
 12802 | Snake:3  | Reached skill level 15 in Axes
 12875 | Snake:4  | Entered Level 4 of the Snake Pit
 13062 | Snake:4  | Reached skill level 5 in Dodging
 13062 | Snake:4  | Reached XP level 15. HP: 107/148 MP: 12/12
 13149 | Snake:4  | Noticed a nagaraja
 13220 | Snake:4  | Noticed a nagaraja
 13241 | Snake:4  | Killed a nagaraja
 13247 | Snake:4  | Killed a nagaraja
 13250 | Snake:4  | Noticed a nagaraja
 13272 | Snake:4  | Killed a nagaraja
 13277 | Snake:4  | Noticed a nagaraja
 13377 | Snake:4  | Killed a nagaraja
 13457 | Snake:4  | Noticed a nagaraja
 13473 | Snake:4  | Killed a nagaraja
 13477 | Snake:4  | Noticed a nagaraja
 13503 | Snake:4  | Killed a nagaraja
 13545 | Snake:4  | Got a serpentine rune of Zot
 13728 | Shoals:1 | Entered Level 1 of the Shoals
 13906 | Shoals:3 | Found Kiate's Weapon Shop.
 13906 | Shoals:3 | Found Acisuj's Weapon Shop.
 13907 | Shoals:3 | Noticed Mara
 13907 | Shoals:3 | Found a transporter.
 13912 | Shoals:3 | Killed from afar by Mara (illusionary)

Illustrated notes

Levels and vault maps discovered:
D:1:      evilmike_arrival_hilbert_curve, layout_loops_ring
D:2:      layout_loops_ring, serial_bayou_lake_a
D:3:      layout_basic, uniq_crazy_yiuf_cottage, uniq_robin
D:4:      layout_basic
D:5:      layout_rooms, minitemple, gammafunk_temple_overflow_arena,
          minmay_temple_entry_mini_moons, minmay_guarded_unrand_staff_of_olgreb
D:6:      layout_basic
D:7:      layout_basic, gammafunk_temple_overflow_forgotten
D:8:      layout_cave_pools, minmay_misc_feat_roman
D:9:      layout_basic, ebering_ghost_rock_garden, uniq_joseph, uniq_pikel
D:10:     layout_basic, serial_shops, shop, uniq_erolcha, uniq_snorg
D:11:     layout_rooms, due_lair_maze_entry_diamond, hiddenorc2_lemuel,
          minmay_fractal_squares_5, uniq_gastronok, uniq_maurice
D:12:     layout_loops_ring
D:13:     layout_big_octagon, grunt_vaults_entry_tiered, serial_shops,
          bzr_entry_road, portal_ice_cave_demonic_guard, gauntlet_entry_generic
D:14:     layout_loops_ring, special_room [special_room_orc], basic_altar,
          minmay_misc_feat_nine_boxes
D:15:     gammafunk_enter_depths_forms, layout_irregular_city, serial_shops,
          shop, serial_column_ruins, column_ruins_hut, column_ruins_grid_3,
          column_ruins_open_tiny, column_ruins_columns_straight,
          column_ruins_columns_straight, column_ruins_open_tiny,
          hangedman_abyss_or_decor_slice, lemuel_angel_altar
Temple:   oiseaux_autumnal_temple
Lair:1:   layout_roguey, minmay_lair_oklob_chamber
Lair:2:   layout_big_grid, minmay_shoals_entry_centaurs, dummy_snake_entry,
          grunt_megastairs_3, infiniplex_staircase_pool_2, serial_bayou_shore_b
Shoals:1: gammafunk_the_bubble [the_bubble_gammafunk_plus_minus], layout_shoals
Shoals:2: layout_shoals
Shoals:3: layout_shoals, serial_shops, shop, nicolae_shop_trees, shop,
          nicolae_shop_temple_entry_statues_fountains, shop,
          gammafunk_ghost_berserking_beasts, argonaut_gorgonesque, uniq_aizul,
          uniq_louise, uniq_mara
Snake:1:  layout_onion_interference, serial_shops, nicolae_shop_crystal,
          grunt_megastairs_1, uniq_asterion
Snake:2:  layout_layer_cave, drop_trap, uniq_vashnia
Snake:3:  layout_onion_interference, serial_shops, shop_coins
Snake:4:  minmay_snake_end_coiled, layout_misc_corridors, basic_altar, drop_trap

Skill      XL: |  1  2  3  4  5  6  7  8  9 10 11 12 13 14 15 |
---------------+----------------------------------------------+-----
Fighting       | 3 4 5 6 8 9 10 11 12 13 | 13.9
Axes           | 3 4 5 6 7 9 10 12 13 14 15 | 15.9
Shields        | 4 5 6 7 8 9 10 11 12 | 12.1
Armour         | 4 5 6 7 8 9 10 11 12 | 12.2
Invocations    | 4 6 8 9 10 11 | 11.7
Dodging        | 2 5 6 |  6.3
Evocations     | 3 5 7 |  7.5

Action                   |  1- 3 |  4- 6 |  7- 9 | 10-12 | 13-15 || total
-------------------------+-------+-------+-------+-------+-------++-------
Melee: War axe           |    37 |   104 |   227 |   729 |  1090 ||  2187
Invok: Lesser Servant of |       |       |       |       |     2 ||     2
       Greater Servant o |       |       |       |       |     4 ||     4
 Abil: Heal Wounds       |     1 |     3 |    12 |    15 |    25 ||    56
Evoke: Wand              |       |       |       |    10 |     6 ||    16
  Use: Scroll            |       |       |    13 |    11 |     5 ||    29
       Potion            |       |       |       |     2 |     3 ||     5
 Stab: Distracted        |       |       |       |       |     2 ||     2
Armor: Scale mail        |    29 |    46 |       |       |       ||    75
       Chain mail        |       |       |    95 |       |       ||    95
       Plate armour      |       |       |    38 |   405 |   552 ||   995
       Skin              |       |       |       |    16 |       ||    16
Dodge: Dodged            |    19 |    35 |    62 |    78 |   169 ||   363
Block: Kite shield       |    35 |    63 |   175 |   281 |       ||   554
       Reflection        |       |       |     9 |    18 |       ||    27
       Tower shield      |       |       |       |   426 |  1104 ||  1530

Table legend: (Time is in decaauts)
 A = Elapsed time spent in this place.
 B = Non-inter-level travel time spent in this place.
 C = Inter-level travel time spent in this place.
 D = Time resting spent in this place.
 E = Time spent auto-exploring this place.
 F = Levels seen in this place.
 G = Mean time per level.
                   A        B        C        D        E       F      G
               +--------+--------+--------+--------+--------+-----+--------+
         Total |  13940 |  12643 |   1297 |    204 |   8329 |  27 |  516.3 |
       Dungeon |  10649 |   9669 |    980 |    204 |   6695 |  15 |  709.9 |
        Temple |    304 |    271 |     33 |      0 |    270 |   1 |  304.0 |
          Lair |    899 |    840 |     59 |      0 |    637 |   2 |  449.5 |
        Shoals |    192 |    175 |     17 |      0 |     85 |   3 |   64.0 |
     Snake Pit |   1140 |    934 |    206 |      0 |    269 |   4 |  285.0 |
        Bazaar |    111 |    111 |      0 |      0 |     74 |   1 |  111.0 |
      Gauntlet |    642 |    642 |      0 |      0 |    297 |   1 |  642.0 |
               +--------+--------+--------+--------+--------+-----+--------+

Top non-repeatable levels by time:
    D:10: 1100 daAuts
     D:9: 940 daAuts
     D:3: 938 daAuts
    D:15: 872 daAuts
    D:14: 871 daAuts
     D:2: 848 daAuts
     D:4: 826 daAuts
     D:7: 820 daAuts
    D:11: 816 daAuts
 Snake:4: 667 daAuts
Gauntlet: 642 daAuts
    D:12: 642 daAuts
     D:5: 545 daAuts
  Lair:2: 539 daAuts
     D:8: 516 daAuts
